 Dungeon Crawl Stone Soup version 0.21.1-1-g345015fe64 (webtiles) character file.

28 Peloso the Skirmisher (level 3, -17/29 HPs)
             Began as a Demonspawn Fighter on Apr 16, 2018.
             Demolished by an ogre
             ... wielding a +0 giant spiked club
              (27 damage)
             ... on level 2 of the Dungeon.
             The game lasted 00:01:53 (568 turns).

Peloso the Skirmisher (Demonspawn Fighter)           Turns: 568, Time: 00:01:54

Health: -17/29     AC:  6    Str: 22    XL:     3   Next: 0%
Magic:  3/3        EV:  7    Int:  9    God:
Gold:   15         SH:  9    Dex: 12    Spells: 2/2 levels left

rFire    . . .     SeeInvis .   a - +0 long sword
rCold    . . .     Gourm    .   c - +0 shield
rNeg     . . .     Faith    .   b - +0 scale mail
rPois    .         Spirit   .   (helmet restricted)
rElec    .         Reflect  .   (no cloak)
rCorr    .         Harm     .   (no gloves)
MR       .....                  (no boots)
Stlth    ..........             (no amulet)
HPRegen  0.09/turn              (no ring)
MPRegen  0.08/turn              (no ring)

@: mighty, very slightly contaminated
A: horns 1, spiny 1
a: no special abilities


You were on level 2 of the Dungeon.
You were not hungry.

You visited 1 branch of the dungeon, and saw 2 of its levels.

You collected 15 gold pieces.

Inventory:

Hand Weapons
 a - a +0 long sword (weapon)
 g - a +2 mace of holy wrath
Armour
 b - a +0 scale mail (worn)
 c - a +0 shield (worn)
Scrolls
 h - 2 scrolls of remove curse
Potions
 i - a potion of flight {unknown}
 j - a potion of curing {unknown}
Comestibles
 f - 3 rations


   Skills:
 + Level 3.3 Fighting
 + Level 2.1 Long Blades
 + Level 3.1 Armour
 + Level 3.0 Shields


You had 2 spell levels left.
You didn't know any spells.

Dungeon Overview and Level Annotations

Branches:
Dungeon (2/15)

Altars:


Innate Abilities, Weirdness & Mutations

You have a pair of small horns on your head.
You are partially covered in sharp spines.


Message History

A bat comes into view.
The bat hits you but does no damage. The bat hits you but does no damage.
You block the bat's attack. You block the bat's attack.
You block the bat's attack. The bat hits you but does no damage.
The bat is struck by your spines.
You kill the bat!
You have reached level 3!
Your experience leads to an increase in your attributes!
Increase (S)trength, (I)ntelligence, or (D)exterity?
You feel stronger.
Your demonic ancestry asserts itself...
A pair of horns grows on your head!
You feel very mighty all of a sudden.
You slash the ogre!
The ogre is moderately wounded.
The ogre is struck by your spines.
The ogre hits you with a giant spiked club!!
Ouch! That really hurt!
You die...

#. #. #. #.
#. #.## #..#
#@# #O####
#....#
####O#######
#.........
#..#..#####
#.........#.#
#.#.#<.....(.
#.#..#.$#####


You could see an ogre.

Vanquished Creatures
  3 dart slugs (D:1)
  3 giant cockroaches (D:1)
  3 goblins (D:1)
  2 hobgoblins (D:1)
  4 kobolds (D:1)
  A ball python (D:1)
  2 bats
  4 rats (D:1)
22 creatures vanquished.

Vanquished Creatures (others)
  A minotaur (D:1)
  An octopode (D:1)
  A gargoyle (D:1)
  A vine stalker (D:1)
  A formicid (D:1)
  A spriggan (D:1)
  3 vampires (D:1)
  A human (D:1)
  A naga (D:1)
  A centaur (D:1)
  An ogre (D:1)
  2 mummies (D:1)
  6 tentacles (D:1)
21 creatures vanquished.

Grand Total: 43 creatures vanquished

Notes
Turn   | Place    | Note
-------+----------+-------------------------------------------
     0 | D:1      | Peloso the Demonspawn Fighter began the quest for the Orb.
     0 | D:1      | Reached XP level 1. HP: 18/18 MP: 1/1
     2 | D:1      | Noticed a vampire
     2 | D:1      | Noticed a minotaur
     2 | D:1      | Noticed a gargoyle
     2 | D:1      | Noticed a human
     2 | D:1      | Noticed a vampire
     2 | D:1      | Noticed a kraken
     2 | D:1      | Noticed an ogre
     2 | D:1      | Noticed a formicid
     2 | D:1      | Noticed a naga
     2 | D:1      | Noticed a centaur
     2 | D:1      | Noticed an octopode
     2 | D:1      | Noticed a spriggan
     2 | D:1      | Noticed a vampire
     2 | D:1      | Noticed a vine stalker
     4 | D:1      | Killed a gargoyle
     6 | D:1      | Killed an octopode
     7 | D:1      | Killed a centaur
     7 | D:1      | Killed a vampire
     8 | D:1      | Killed a minotaur
     8 | D:1      | Killed a human
     8 | D:1      | Killed a naga
    11 | D:1      | Killed a vampire
    11 | D:1      | Killed an ogre
    11 | D:1      | Killed a vampire
    13 | D:1      | Killed a vine stalker
    13 | D:1      | Killed a spriggan
    15 | D:1      | Killed a formicid
    50 | D:1      | Gained mutation: You are partially covered in sharp spines. [demonic ancestry]
    50 | D:1      | Reached XP level 2. HP: 22/24 MP: 2/2
   545 | D:2      | Noticed an ogre
   565 | D:2      | Gained mutation: You have a pair of small horns on your head. [demonic ancestry]
   565 | D:2      | Reached XP level 3. HP: 10/29 MP: 3/3
   568 | D:2      | Demolished by an ogre

Skill      XL: |  1  2 |
---------------+-------+-----
Shields        | 3 |  3.0
Armour         | 3 |  3.1
Long Blades    | 2 |  2.1
Fighting       | |  3.3

Action                   || total
-------------------------++-------
Melee: Long sword        ||    52
  Use: Scroll            ||     2
       Potion            ||     1
Armor: Scale mail        ||    20
Dodge: Dodged            ||    14
Block: Shield            ||    31
       Rpst.: Long sword ||     6
